AoeStats
← alexdace1982

Nomad

510481960Analyzed
3v3 RM · 21h ago on Oct 1, 2026· 105m 56s· 6 players
Game mode
Random Map
Map size
210×210
Population
200
Speed
Normal
Resources
Standard
Victory
Conquest
Starting age
Dark Age
Ending age
Imperial Age
RankedLock teamsTeams togetherTeam positionsShared explorationLock speedFull tech treeHidden civsTurbo modeCheats
Victory
Defeat
🇺🇸 Dravidians · United States
960
+14
🇨🇦 Celts · Canada
947
+15
🇺🇦 Varangians · Ukraine
872
+18
🇲🇽 Bulgarians · Mexico
993
-19
🇲🇽 Varangians · Mexico
960
-17
🇲🇽 Japanese · Mexico
790
-26
recon
15:26 Feudal Age
16:09 Double-Bit Axe
21:31 Castle Age
19:42 Stone Mining
27:20 Scale Mail Armor
27:26 Gold Mining
29:27 Wheelbarrow
30:22 Forging
37:32 Imperial Age
36:20 Chain Mail Armor
36:40 Iron Casting
37:40 Elite Woad Raider
38:22 Capped Ram
41:22 Plate Mail Armor
42:03 Blast Furnace
42:26 Loom
42:58 Hand Cart
49:14 Fletching
49:50 Bow Saw
50:19 Stone Shaft Mining
50:21 Gold Shaft Mining
72:09 Pikeman
75:20 Halberdier
75:38 Siege Ram
Tim the Enchanter
4:51 Loom
15:08 Feudal Age
15:34 Double-Bit Axe
15:33 Fishing Lines
17:45 Gold Mining
22:36 Castle Age
21:02 Scale Mail Armor
20:56 Stone Mining
22:00 Fletching
23:51 Medium Warships
23:57 Bodkin Arrow
23:56 Gillnets
25:33 Bow Saw
24:56 Pikeman
26:14 Town Watch
27:05 Caravan
27:36 Arson
30:56 Ballistics
31:05 Guard Tower
31:26 Masonry
38:38 Clinker Construction
38:39 Careening
38:43 Forging
38:01 Elite Skirmisher
43:11 Murder Holes
45:04 Wheelbarrow
47:34 Squires
50:46 Imperial Age
51:12 Hand Cart
52:11 Wootz Steel
54:48 Heavy Warships
54:33 Siege Elephant
56:53 Conscription
56:26 Halberdier
57:24 Chain Mail Armor
57:48 Town Patrol
59:15 Hoardings
58:46 Elite Urumi Swordsman
61:26 Elite Elephant Archer
68:41 Chemistry
68:03 Shipwright
68:04 Carvel Hull
68:05 Dry Dock
67:47 Bracer
68:17 Plate Mail Armor
68:23 Iron Casting
67:55 Scale Barding Armor
68:03 Medical Corps
69:18 Elite Cannon Galleon
70:35 Padded Archer Armor
74:29 Blast Furnace
73:45 Leather Archer Armor
73:51 Chain Barding Armor
74:11 Keep
73:58 Bombard Tower
73:24 Arrowslits
73:51 Fortified Wall
74:06 Bombard Tower
73:59 Fortified Wall
73:35 Arrowslits
74:11 Bombard Tower
74:46 Sanctity
74:42 Block Printing
76:30 Guilds
82:21 Heavy Scorpion
82:23 Onager
82:54 Gambesons
82:30 Man-at-Arms
88:37 Devotion
89:14 Theocracy
92:36 Ring Archer Armor
92:15 Siphons
92:00 Heated Shot
94:26 Two-Man Saw
95:10 Incendiaries
94:52 Long Swordsman
centurion19
4:35 Loom
14:41 Feudal Age
15:10 Double-Bit Axe
21:26 Castle Age
19:38 Stone Mining
20:21 Fishing Lines
25:21 Gold Mining
26:25 Stone Shaft Mining
30:40 Horse Collar
39:00 Gillnets
41:16 Fortified Wall
41:04 Murder Holes
40:51 Treadmill Crane
41:35 Forging
41:33 Scale Mail Armor
41:41 Scale Barding Armor
46:53 Caravan
48:03 Heavy Plow
49:31 Iron Casting
49:00 Scale Mail Armor
49:19 Bow Saw
50:32 Wheelbarrow
50:45 Squires
50:31 Arson
50:32 Gambesons
53:34 Chain Barding Armor
54:07 Ballistics
54:08 Chain Mail Armor
55:30 Fletching
59:07 Imperial Age
57:02 Hand Cart
56:33 Town Watch
58:03 Bodkin Arrow
60:49 Two-Man Saw
60:25 Crop Rotation
62:03 Blast Furnace
61:35 Plate Mail Armor
62:26 Herbal Medicine
62:39 Elite Varangian Guard
64:06 Elite Jarl
66:08 Plate Barding Armor
65:40 Bracer
66:03 Siege Engineers
67:08 Chemistry
66:20 Masonry
66:52 Devotion
66:58 Padded Archer Armor
69:12 Conscription
68:16 Gothikon
75:13 Vendel Legacy
76:54 Bloodlines
76:48 Husbandry
79:36 Fervor
80:43 Leather Archer Armor
82:40 Guilds
103:51 Cavalier
103:52 Light Cavalry
103:54 Pikeman
103:54 Man-at-Arms
105:09 Ring Archer Armor
104:29 Elite Longship
105:20 Medium Warships
105:59 Architecture
105:20 Guard Tower
105:21 Heated Shot
105:42 Fortified Wall
105:38 Siphons
105:53 Shipwright
105:44 Clinker Construction
105:45 Careening
Knight_Romero83
4:23 Loom
15:15 Feudal Age
19:45 Scale Mail Armor
19:55 Forging
21:59 Castle Age
21:22 Fishing Lines
21:51 Scale Barding Armor
23:13 Gillnets
26:41 Wheelbarrow
27:00 Bloodlines
26:51 Husbandry
27:43 Chain Barding Armor
27:59 Iron Casting
27:19 Double-Bit Axe
31:00 Hand Cart
39:36 Imperial Age
38:29 Chain Mail Armor
38:57 Murder Holes
41:11 Plate Barding Armor
41:37 Blast Furnace
41:08 Plate Mail Armor
42:40 Gold Mining
42:41 Stone Mining
44:24 Gambesons
44:40 Squires
46:04 Bagains
46:58 Arson
49:22 Horse Collar
51:35 Heavy Plow
52:37 Elite Konnik
53:13 Stirrups
53:38 Conscription
58:39 Medium Warships
59:54 Heated Shot
61:05 Chemistry
60:25 Ballistics
60:10 Siege Engineers
61:20 Pikeman
65:26 Heavy Warships
65:09 Halberdier
76:46 Gold Shaft Mining
76:47 Stone Shaft Mining
98:51 Light Cavalry
alexdace1982
6:47 Loom
16:56 Feudal Age
19:57 Double-Bit Axe
20:19 Horse Collar
30:11 Castle Age
33:11 Gold Mining
37:09 Gold Shaft Mining
42:18 Imperial Age
43:04 Elite Samurai
43:56 Heavy Plow
44:39 Pikeman
45:19 Squires
45:05 Gambesons
76:01 Halberdier
ReBeL_PuMa
6:53 Loom
15:08 Feudal Age
15:57 Town Watch
15:59 Double-Bit Axe
20:58 Castle Age
20:21 Stone Mining
23:30 Bow Saw
30:56 Medium Warships
34:16 Scale Barding Armor
35:15 Chain Barding Armor
38:43 Wheelbarrow
38:08 Town Patrol
37:51 Horse Collar
38:34 Heavy Plow
39:41 Hand Cart
43:45 Imperial Age
43:15 Treadmill Crane
43:48 Masonry
44:14 Ballistics
43:52 Murder Holes
43:55 Fletching
45:23 Scale Mail Armor
45:33 Forging
46:04 Stone Shaft Mining
47:42 Gold Mining
47:26 Elite Skirmisher
48:42 Conscription
52:07 Crop Rotation
55:23 Two-Man Saw
57:43 Conscription
56:53 Elite Jarl
58:10 Plate Barding Armor
58:35 Vendel Legacy
61:29 Iron Casting
60:52 Gambesons
61:07 Squires
60:54 Arson
60:31 Elite Varangian Guard
64:22 Pikeman
66:11 Caravan
75:54 Chain Mail Armor
76:59 Plate Mail Armor
77:29 Blast Furnace
77:04 Architecture
76:41 Siege Engineers
76:44 Siphons
76:25 Gothikon
78:08 Blast Furnace
84:06 Bodkin Arrow
84:11 Padded Archer Armor
85:14 Chemistry
84:25 Fortified Wall
95:08 Bloodlines
94:58 Husbandry
94:18 Cavalier
97:00 Bracer
97:16 Leather Archer Armor
98:45 Light Cavalry
Connection lost

Rejoining the realm…

Still unreachable

The connection could not be restored.

Session expired

The server has moved on; the page needs a fresh start.